Map: Kairos Junction LE

Players

Astrea

  • Race: Protoss Protoss
  • League: Grandmaster
  • Spawn Location: 11:00

Neeb - Winner!

  • Race: Protoss Protoss
  • League: Master
  • Spawn Location: 5:00

Event: 2019 WCS Winter Americas

VOD

Have the link to the VOD?

Description

Time

  • Played on: March 23, 2019, 2:25 p.m.
  • Length: 10:52

All games in this series

Show
View Real Time Build Order
Export as new Build Order

Astrea Protoss 

Build Orders: Blink Stalkers 

Get SALT Encoding   

  12  0:00  Probe  
  13  0:12  Probe  
  14  0:17  Pylon  
  14  0:24  Probe  
  15  0:32  Probe  
  15  0:37  Gateway  
  15  0:40  Probe  
  16  0:46  Assimilator  
  17  0:50  Probe  
  17  0:54  Assimilator  
  18  0:58  Probe  
  19  1:06  Probe, Gateway  
  20  1:17  Probe  
  20  1:24  Cybernetics Core  
  21  1:30  Probe  
  22  1:34  Pylon  
  22  1:42  Probe  
  23  1:50  Warp Gate  
  23  1:54  Probe  
  23  2:00  Stalker  
  23  2:01  Stalker  
  28  2:06  Probe  
  29  2:10  Pylon  
  29  2:18  Probe  
  30  2:30  Stalker  
  30  2:31  Stalker  
  30  2:32  Probe  
  35  2:38  Twilight Council  
  35  2:44  Probe  
  36  2:57  Probe, Pylon  
  39  3:09  Blink  
  39  3:12  Probe  
  34  3:24  Probe  
  34  3:36  Probe  
  32  3:48  Probe  
  32  3:51  Nexus  
  32  3:58  Pylon  
  32  4:00  Probe  
  33  4:06  Stalker x2  
  37  4:12  Probe  
  37  4:14  Robotics Facility  
  38  4:21  Pylon  
  38  4:24  Probe  
  38  4:30  Pylon  
  38  4:38  Probe  
  35  4:50  Probe  
  36  4:55  Stalker x2  
  40  5:01  Probe  
  40  5:02  Probe  
  43  5:07  Observer  
  43  5:09  Probe  
  43  5:10  Probe  
  44  5:18  Probe  
  44  5:19  Probe  
  45  5:25  Stalker  
  49  5:28  Probe  
  49  5:31  Probe  
  49  5:34  Stalker  
  53  5:40  Probe  
  54  5:43  Probe  
  54  5:47  Warp Prism  
  57  5:50  Robotics Bay  
  57  5:52  Probe  
  58  5:58  Probe  
  59  6:05  Assimilator  
  59  6:06  Probe x2  
  59  6:07  Assimilator  
  59  6:10  Adept x2  
  65  6:14  Probe  
  66  6:18  Probe  
  67  6:26  Probe  
  67  6:30  Probe  
  69  6:33  Disruptor  
  69  6:34  Gateway  
  69  6:38  Probe  
  70  6:42  Probe  
  74  6:50  Stalker x2, Probe  
  79  6:57  Gateway  
  79  6:58  Forge  
  79  7:07  Disruptor  
  79  7:17  Pylon  
  79  7:21  Stalker x2  
  86  7:29  Pylon  
  86  7:31  Nexus, Pylon  
  86  7:36  Charge, Protoss Ground Weapons Level 1  
  86  7:37  Probe x2  
  88  7:49  Disruptor  
  88  7:56  Stalker x3  
  92  7:58  Stalker  
  88  8:16  Shield Battery  
  84  8:26  Stalker x2  
  78  8:27  Stalker  
  78  8:29  Stalker  
  48  8:51  Observer  
  48  8:54  Stalker  
  48  8:55  Stalker x2  
  52  9:02  Probe  
  48  9:09  Probe  
  41  9:13  Probe  
Show
View Real Time Build Order
Export as new Build Order

Neeb Protoss - Winner!

Build Orders:  

Get SALT Encoding   

  12  0:00  Probe  
  13  0:12  Probe  
  14  0:17  Pylon  
  14  0:24  Probe  
  15  0:32  Probe  
  15  0:39  Gateway  
  15  0:40  Probe  
  16  0:46  Assimilator  
  17  0:50  Probe  
  17  0:54  Assimilator  
  18  0:58  Probe  
  19  1:06  Probe, Gateway  
  20  1:17  Probe  
  21  1:27  Cybernetics Core  
  21  1:29  Probe  
  22  1:34  Pylon  
  22  1:41  Probe  
  23  1:53  Warp Gate, Probe  
  24  2:02  Adept  
  24  2:03  Adept  
  28  2:13  Pylon  
  28  2:18  Probe  
  29  2:33  Sentry x2  
  33  2:43  Nexus  
  33  2:46  Shield Battery  
  33  2:59  Stalker  
  33  3:00  Stalker  
  37  3:06  Pylon  
  37  3:15  Probe  
  35  3:27  Probe  
  35  3:32  Robotics Facility  
  36  3:40  Probe  
  35  3:50  Probe, Adept  
  35  3:51  Adept  
  35  3:52  Probe  
  38  3:58  Probe  
  38  4:00  Probe  
  40  4:04  Forge  
  40  4:06  Probe  
  41  4:10  Probe  
  41  4:12  Sentry x2  
  41  4:13  Immortal  
  51  4:29  Shield Battery  
  51  4:31  Immortal, Pylon  
  51  4:41  Protoss Ground Weapons Level 1  
  51  4:45  Adept x2  
  52  4:54  Immortal  
  52  4:56  Probe  
  52  4:57  Probe  
  57  5:02  Phoenix  
  57  5:03  Pylon  
  57  5:08  Probe  
  57  5:09  Probe  
  59  5:20  Probe  
  59  5:21  Twilight Council, Probe  
  60  5:28  Assimilator x2  
  61  5:32  Probe  
  61  5:33  Probe  
  61  5:34  Observer  
  64  5:44  Pylon  
  64  5:45  Blink  
  64  5:46  Probe x2, Gateway, Warp Prism  
  64  5:47  Gateway  
  68  5:58  Stalker x2  
  68  5:59  Phoenix  
  72  6:07  Observer  
  72  6:08  Pylon  
  72  6:19  Probe x2  
  74  6:28  Protoss Ground Weapons Level 2  
  74  6:43  Gateway  
  74  6:45  Gateway  
  74  6:48  Gateway  
  74  6:49  Gateway  
  74  6:50  Pylon  
  74  6:52  Stalker x2  
  74  6:53  Stalker  
  80  6:55  Stalker  
  80  6:57  Pylon  
  77  7:20  Stalker x4  
  84  7:38  Stalker  
  84  7:39  Stalker  
  87  7:45  Stalker  
  85  8:00  Adept x4  
  93  8:07  Stalker  
  93  8:08  Stalker  
  91  8:18  Pylon  
  89  8:22  Stalker x5  
  63  8:44  Stalker x2  
  63  8:48  Stalker x4  
  67  9:03  Stalker  
Tags
 
Add a new tag
Caveats
  • Supply blocks, unpowered buildings, or Contaminate may cause inaccurate times.
  • Supply counts are checked every 10 seconds.